 Dungeon Crawl Stone Soup version 0.23-a0-650-ga4d50d4 (webtiles) character file.

10905 zishaf the Fighter (level 12, -1/97 HPs)
             Began as a Formicid Abyssal Knight on Jan 4, 2019.
             Was a High Priest of Lugonu.
             Killed by divine providence
             ... invoked by a meliai
              (14 damage)
             ... on level 10 of the Dungeon.
             The game lasted 00:38:33 (16451 turns).

zishaf the Fighter (Formicid Abyssal Knight)       Turns: 16451, Time: 00:38:34

Health: -1/97      AC: 23    Str: 20    XL:     12   Next: 1%
Magic:  14/18      EV:  7    Int: 17    God:    Lugonu [*****.]
Gold:   696        SH: 11    Dex: 10    Spells: 11/15 levels left

rFire    . . .     SeeInvis +   a - +0 bardiche
rCold    . . .     Gourm    .   m - +2 buckler
rNeg     + . .     Faith    .   h - +3 plate armour
rPois    .         Spirit   .   (helmet unavailable)
rElec    .         Reflect  +   J - +1 cloak {MR+}
rCorr    .         Harm     .   E - +0 pair of gloves
MR       ++...                  H - +1 pair of boots
Stlth    ..........             A - +5 amulet of reflection
HPRegen  0.26/turn              v - ring of positive energy
MPRegen  0.16/turn              K - +3 ring of intelligence

@: lethally poisoned (-1 -> -24)
A: permanent stasis, dig shafts and tunnels, four strong arms, antennae 3
a: Dig, Shaft Self, Depart the Abyss, Bend Space, Banish, Corrupt, Enter the
Abyss, Renounce Religion


You were on level 10 of the Dungeon.
You worshipped Lugonu.
Lugonu was extremely pleased with you.
You were hungry.

You visited 1 branch of the dungeon, and saw 11 of its levels.
You visited the Abyss 1 time.
You also visited: Bailey.

You collected 696 gold pieces.

Inventory:

Hand Weapons
 a - a +0 bardiche (weapon)
 b - a +0 hunting sling
 M - a +2 hand crossbow of freezing
Missiles
 i - 72 bolts
 p - 190 stones (quivered)
 r - 43 sling bullets
Armour
 f - the +2 scale mail of Daffodils {-Tele rElec rC+}
   (You found it on level 2 of the Abyss)

   It protects you from cold.
   It insulates you from electricity.
   It prevents most forms of teleportation.
 h - a +3 plate armour (worn)
 m - a +2 buckler (worn)
 E - a +0 pair of gloves (worn)
 H - a +1 pair of boots (worn)
 J - a +1 cloak of magic resistance (worn)
Jewellery
 n - an uncursed amulet of the acrobat
 v - a ring of positive energy (left hand)
 z - an uncursed ring of ice
 A - a +5 amulet of reflection (around neck)
 B - an uncursed ring of fire
 K - a +3 ring of intelligence (right hand)
 N - an uncursed ring of positive energy
 R - an uncursed amulet of rage {unknown}
 U - an uncursed ring of see invisible
Wands
 j - a wand of flame (30)
 t - a wand of disintegration (1)
 u - a wand of digging (12)
 P - a wand of acid (9)
 Q - a wand of iceblast (5)
 T - a wand of paralysis (11)
Scrolls
 q - 4 scrolls of enchant weapon
 w - 2 scrolls of amnesia
 x - 3 scrolls of remove curse
 y - 4 scrolls of immolation
 D - a scroll of torment {unknown}
 F - a scroll of enchant armour
 L - a scroll of fog {unknown}
 O - a scroll of magic mapping
 V - a scroll of holy word {unknown}
Potions
 d - 3 potions of lignification
 e - a potion of mutation
 g - a potion of ambrosia
 k - a potion of magic
 l - a potion of cancellation
 o - 5 potions of heal wounds
 s - a potion of agility
 C - 4 potions of flight
 G - 4 potions of brilliance
 I - a potion of might
 W - 2 potions of curing {unknown}
Comestibles
 c - 20 rations


   Skills:
 + Level 10.2 Fighting
 * Level 9.5 Polearms
 - Level 3.0 Slings
 + Level 8.8 Armour
 - Level 1.0 Dodging
 - Level 2.4 Shields
 - Level 2.0 Spellcasting
 - Level 2.6 Summonings
 - Level 2.0 Air Magic
 + Level 9.3 Invocations
 - Level 4.0 Evocations


You had 11 spell levels left.
You knew the following spells:

 Your Spells              Type           Power        Failure   Level  Hunger
a - Summon Lightning Spi  Summ/Air       #.......     100%        4    #####..

Your spell library contained the following spells:

 Spells                   Type           Power        Failure   Level  Hunger
 Summon Small Mammal      Summ           ##..         77%         1    #......
 Call Imp                 Summ           ##......     88%         2    ###....
 Confusing Touch          Hex            #.....       98%         1    #......
 Infusion                 Chrm           #...         98%         1    #......
 Call Canine Familiar     Summ           ##......     98%         3    ###....
 Shroud of Golubria       Chrm/Tloc      #.........   99%         2    ###....
 Song of Slaying          Chrm           #.......     99%         2    ###....
 Summon Guardian Golem    Hex/Summ       #.......     99%         3    ###....
 Confuse                  Hex            #.......     100%        3    ###....
 Gell's Gravitas          Tloc           #.........   100%        3    ###....
 Regeneration             Chrm/Necr      #.........   100%        3    ###....
 Spectral Weapon          Hex/Chrm       #.......     100%        3    ###....
 Petrify                  Tmut/Erth      #.......     100%        4    #####..
 Summon Ice Beast         Ice/Summ       #.......     100%        4    #####..
 Metabolic Englaciation   Hex/Ice        #.........   100%        5    ######.
 Yara's Violent Unravell  Hex/Tmut       #.........   100%        5    ######.


Dungeon Overview and Level Annotations

Branches:
Dungeon (11/15)            Temple (0/1) D:4            Lair (0/6) D:10
    Orc: D:9-12

Altars:
Hepliaklqana
Makhleb
Nemelex Xobeh
Qazlal
Ru
Wu Jian
Yredelemnul
Zin
The Shining One

Shops:
D:4 !

Annotations:
D:4 , 1 transporter
D:10 exclusion: downstairs


Innate Abilities, Weirdness & Mutations

You cannot be hasted, slowed, berserked, paralysed or teleported.
You can dig through walls and to a lower floor.
Your four strong arms can wield two-handed weapons with a shield.
You have a pair of large antennae on your head. (SInv)


Message History

Lugonu claims a new guest.
You have reached level 12!
Your experience leads to an increase in your attributes!
Your base attributes are Str 19, Int 13, Dex 10.
Increase (S)trength, (I)ntelligence, or (D)exterity?
You feel stronger.
You feel clever.
You feel somewhat more hungry.
You feel sick. You block the meliai's attack. The meliai stings you.
* * * LOW HITPOINT WARNING * * *
You are lethally poisoned!
The meliai poisons you! You block the meliai's attack.
The meliai stings you but does no damage.
You miss the meliai.
The meliai is heavily wounded.
* * * LOW HITPOINT WARNING * * *
You feel very sick. The meliai hits you but does no damage.
You block the meliai's attack.
The meliai calls down the wrath of its god upon you.
Something smites you!
You die...

#........#...........
#........#.........##
#........#.........#.
#........#.........#.
#........#.........#.
#........#.........#.
#........#.........'.
##..))....#.........#.
#...[@....'.........##
#....y§...#...........
#.....§...#...........
#..>......#...........
#.........######......
#........(.....#......
#.......#####..#....##
#.......#...#..#....#.
#.......'...#..#....#.


You could see a meliai.

Vanquished Creatures
  Erolcha (D:8)
  Harold (D:7)
  2 two-headed ogres (D:10)
  A meliai (D:10)
  A hippogriff (D:10)
  4 hogs (D:8)
  Grum (D:8)
  A human (D:8)
  Edmund (D:4)
  3 wargs (D:10)
  The ghost of domi the Cutter, an amateur VSAs (D:4)
  16 orc warriors
  A sky beast (D:6)
  6 ice beasts
  A necrophage (D:10)
  5 ogres
  2 wolves (D:8)
  9 centaurs
  A big kobold (D:9)
  3 bullfrogs
  A gnoll sergeant (D:8)
  2 wyvern zombies
  3 scorpions
  5 wights (D:6)
  5 howler monkeys
  A bullfrog zombie (D:8)
  3 crimson imps
  3 jellies
  A centaur zombie (D:9)
  A bullfrog skeleton (D:4)
  7 hounds
  A centaur skeleton (D:8)
  An orc priest (D:8)
  9 orc wizards
  Terence (D:2)
  2 iguanas
  5 worker ants
  2 centaur simulacra (D:4)
  2 hound zombies (D:7)
  13 gnolls
  3 adders
  A shadow imp (D:10)
  A white imp (D:4)
  A worker ant simulacrum (D:4)
  2 oozes
  8 worms
  11 dart slugs
  An adder simulacrum (D:4)
  5 leopard geckos
  73 orcs
  A ball python (D:1)
  5 bats
  A giant cockroach (D:5)
  8 goblins
  3 hobgoblins
  12 jackals
  4 quokkas
  A ball python skeleton (D:4)
  6 frilled lizards
  A giant cockroach simulacrum (D:4)
  11 kobolds
  A quokka simulacrum (D:4)
  6 rats
  A spectral orc (D:4)
296 creatures vanquished.

Vanquished Creatures (others)
  An ugly thing (D:11)
  A gargoyle (D:10)
  A meliai zombie (D:5)
  3 centaurs
  An orc wizard (D:11)
  An orc (D:11)
  3 kobolds
11 creatures vanquished.

Grand Total: 307 creatures vanquished

Notes
Turn   | Place    | Note
-------+----------+-------------------------------------------
     0 | Abyss:1  | zishaf the Formicid Abyssal Knight began the quest for the
                  | Orb.
     0 | Abyss:1  | Reached XP level 1. HP: 18/18 MP: 2/2
    38 | Abyss:2  | Noticed a large abomination
    58 | Abyss:2  | Got a dazzling scale mail
    59 | D:1      | Escaped the Abyss
    70 | D:1      | Identified the +2 scale mail of Daffodils {-Tele rElec rC+}
                  | (You found it on level 2 of the Abyss)
    76 | D:1      | Reached skill level 1 in Dodging
    79 | D:1      | Reached XP level 2. HP: 16/24 MP: 3/3
    82 | D:1      | Reached * piety under Lugonu
   732 | D:2      | Reached XP level 3. HP: 22/30 MP: 4/4
  1023 | D:2      | Reached skill level 4 in Fighting
  1193 | D:2      | Reached XP level 4. HP: 35/37 MP: 6/6
  1902 | D:2      | Reached ** piety under Lugonu
  2072 | D:3      | Noticed an ice beast
  2093 | D:3      | Killed an ice beast
  2093 | D:3      | Reached skill level 1 in Slings
  2093 | D:3      | Reached XP level 5. HP: 36/43 MP: 7/7
  2345 | D:3      | Reached XP level 6. HP: 50/50 MP: 8/8
  2377 | D:3      | Reached skill level 5 in Fighting
  2489 | D:2      | Found a hazy altar of Hepliaklqana.
  2489 | D:2      | Noticed Terence
  2508 | D:2      | Killed Terence
  3164 | D:4      | Found Tudeesk's Distillery.
  3531 | D:4      | Reached XP level 7. HP: 52/56 MP: 9/9
  3607 | D:4      | Noticed domi's ghost (amateur VSAs)
  4088 | D:4      | Found a runed gate.
  4088 | D:4      | Found a runed gate.
  4088 | D:4      | Found a runed gate.
  4109 | D:4      | Noticed Edmund
  4151 | D:4      | Killed Edmund
  4302 | D:4      | Found a sparkling altar of Nemelex Xobeh.
  4302 | D:4      | Found a transporter.
  4302 | D:4      | Noticed a two-headed ogre
  4567 | D:4      | Found a staircase to the Ecumenical Temple.
  4781 | D:4      | Reached skill level 6 in Fighting
  4797 | D:4      | Found a basalt altar of Yredelemnul.
  4938 | D:4      | Killed domi's ghost
  4938 | D:4      | Reached *** piety under Lugonu
  4938 | D:4      | Reached XP level 8. HP: 58/65 MP: 11/11
  5179 | D:5      | Entered Level 5 of the Dungeon
  5201 | D:5      | Reached skill level 5 in Invocations
  5377 | D:5      | Found a glowing golden altar of the Shining One.
  5526 | D:5      | Reached skill level 7 in Fighting
  5843 | D:5      | Reached skill level 1 in Evocations
  6339 | D:5      | Found a stormy altar of Qazlal.
  6489 | D:5      | Reached skill level 5 in Armour
  6659 | D:6      | Reached XP level 9. HP: 39/72 MP: 13/13
  7005 | D:6      | Reached skill level 1 in Shields
  7243 | D:6      | Reached skill level 5 in Polearms
  7295 | D:6      | Reached skill level 8 in Fighting
  7827 | D:6      | Found a sparkling altar of Nemelex Xobeh.
  8056 | D:6      | Learned a level 4 spell: Summon Lightning Spire
  8201 | D:7      | Found a flagged portal.
  8220 | Bailey   | Entered a bailey
  8537 | Bailey   | Reached XP level 10. HP: 71/80 MP: 15/15
  8543 | Bailey   | Reached **** piety under Lugonu
  8543 | Bailey   | Reached skill level 1 in Summonings
  8939 | Bailey   | Reached skill level 1 in Air Magic
  9588 | Bailey   | Reached skill level 1 in Spellcasting
 11360 | D:7      | Found a glowing silver altar of Zin.
 11479 | D:8      | Noticed Harold
 11498 | D:7      | Killed Harold
 11498 | D:7      | Reached skill level 9 in Fighting
 12033 | D:8      | Reached XP level 11. HP: 88/89 MP: 15/17
 12149 | D:8      | Found a burning altar of Makhleb.
 12199 | D:8      | Noticed Grum
 12215 | D:8      | Killed Grum
 13636 | D:8      | Reached ***** piety under Lugonu
 13664 | D:8      | Found a sacrificial altar of Ru.
 13981 | D:9      | Found an ornate altar of the Wu Jian Council.
 14157 | D:9      | Noticed Erolcha
 14221 | D:8      | Killed Erolcha
 14722 | D:10     | Entered Level 10 of the Dungeon
 14778 | D:10     | Identified a scroll of acquirement
 14999 | D:10     | Found a staircase to the Lair.
 15350 | D:10     | Noticed a two-headed ogre
 15353 | D:10     | Killed a two-headed ogre
 15353 | D:10     | Reached skill level 10 in Fighting
 15800 | D:11     | Killed a purple ugly thing
 15802 | D:11     | Noticed a cyclops
 15803 | D:11     | Noticed a two-headed ogre
 16043 | D:10     | Killed a two-headed ogre
 16450 | D:10     | Reached XP level 12. HP: 19/97 MP: 18/18
 16451 | D:10     | Killed from afar by a meliai

Vault maps used:
D:1:      scummos_arrival_simple_fountains
D:2:      lemuel_upstairs_altar, uniq_terence
D:4:      kennysheep_slugbush, yredelemnul_forgotten_temple_becter,
          minmay_temple_entry_junction, gammafunk_ghost_icy, serial_shops, shop,
          first_ration, grunt_nemelex_the_gamble, uniq_edmund
D:5:      tso_metal_star, lemuel_coloured_pillars_altar
D:6:      nemelex_dance_club_becter
D:7:      zin_scriptorium, enter_bailey_3, feat_on_display
D:8:      kennysheep_mini_moat, makhleb_heckhound_becter, special_room,
          grunt_livestock, chequers_serial_rivers_large_a, roderic_malta_cross,
          chequers_serial_rivers_large_b, uniq_grum, uniq_harold
D:9:      kennysheep_mini, uniq_erolcha
D:10:     erik_lair_orcish_takeover
D:11:     minmay_orc_entry_guard_dogs, lemuel_flame_loot_1
Bailey:   bailey_polearm_flooded_kennysheep, bailey

Skill      XL: |  1  2  3  4  5  6  7  8  9 10 11 |
---------------+----------------------------------+-----
Dodging        | 1 |  1.0
Fighting       | 4 5 6 7 8 9 10 | 10.2
Invocations    | 3 4 5 6 8 9 |  9.3
Slings         | 1 2 3 |  3.0
Armour         | 3 4 5 6 7 8 |  8.8
Polearms       | 3 4 5 7 9 |  9.5
Evocations     | 1 4 |  4.0
Shields        | 2 |  2.4
Summonings     | 2 |  2.6
Air Magic      | 2 |  2.0
Spellcasting   | 2 |  2.0

Action                   |  1- 3 |  4- 6 |  7- 9 | 10-12 || total
-------------------------+-------+-------+-------+-------++-------
Melee: Spear             |    86 |   257 |   246 |       ||   589
       Trident           |       |       |    90 |       ||    90
       Halberd           |       |       |   125 |     2 ||   127
       Bardiche          |       |       |       |   503 ||   503
       Glaive            |       |       |       |    18 ||    18
 Fire: Hunting sling     |    17 |    81 |   101 |   197 ||   396
Invok: Depart the Abyss  |     1 |       |       |       ||     1
       Bend Space        |       |       |     2 |       ||     2
       Banish            |       |       |     1 |     1 ||     2
Evoke: Wand              |       |       |       |    17 ||    17
  Use: Scroll            |       |       |    15 |     8 ||    23
  Eat: Chunk             |     1 |     8 |    13 |    19 ||    41
       Ration            |       |       |     1 |     2 ||     3
Armor: Scale mail        |    20 |    72 |   129 |    31 ||   252
       Plate armour      |       |       |       |   373 ||   373
Dodge: Dodged            |    19 |    84 |   143 |   203 ||   449
Block: Other             |       |       |    42 |       ||    42
       Buckler           |       |       |    74 |   444 ||   518
       Reflection        |       |       |    10 |    33 ||    43

Table legend:
 A = Non-vault XP
 B = Vault XP
 C = Vault XP percentage of total XP
 D = Non-vault monster count
 E = Vault monster count
 F = Vault count percentage of total count
                 A         B        C        D         E       F
            +---------+---------+-------+---------+---------+-------
      Total |    8051 |    7528 |  48.3 |     189 |     112 |  37.2
            +---------+---------+-------+---------+---------+-------
        D:1 |      22 |       0 |   0.0 |      15 |       0 |   0.0
        D:2 |      99 |      36 |  26.7 |      29 |       1 |   3.3
        D:3 |     211 |       0 |   0.0 |      22 |       0 |   0.0
        D:4 |     389 |     550 |  58.6 |      18 |      21 |  53.8
        D:5 |     652 |       0 |   0.0 |      15 |       0 |   0.0
        D:6 |    1419 |     129 |   8.3 |      22 |       2 |   8.3
        D:7 |     598 |    1279 |  68.1 |      16 |       8 |  33.3
        D:8 |     463 |    2568 |  84.7 |      14 |      32 |  69.6
        D:9 |     672 |       0 |   0.0 |      14 |       0 |   0.0
       D:10 |    3472 |     657 |  15.9 |      23 |       9 |  28.1
       D:11 |      54 |       0 |   0.0 |       1 |       0 |   0.0
     Bailey |       0 |    2309 | 100.0 |       0 |      39 | 100.0
            +---------+---------+-------+---------+---------+-------
